 Dungeon Crawl Stone Soup version 0.25-a0-85-g7617fd2bc2 (webtiles) character file.

Game seed: 14673638268509193487, levelgen mode: deterministic

197 MrRokkomies the Vexing (level 5, -7/35 HPs)
             Began as a Vampire Enchanter on Nov 8, 2019.
             Was an Initiate of Dithmenos.
             Killed by divine providence
             ... invoked by an orc priest
              (12 damage)
             ... on level 3 of the Dungeon.
             The game lasted 00:04:47 (1994 turns).

MrRokkomies the Vexing (Vampire Enchanter)          Turns: 1994, Time: 00:04:48

Health: -7/35      AC:  3    Str:  7    XL:     5   Next: 46%
Magic:  2/8        EV: 12    Int: 19    God:    Dithmenos [......]
Gold:   146        SH:  0    Dex: 14    Spells: 2/8 levels left

rFire    . . .     SeeInvis +   a - +1 dagger
rCold    . . .     Gourm    .   (no shield)
rNeg     . . .     Faith    .   b - +0 robe
rPois    .         Spirit   .   (no helmet)
rElec    .         Reflect  .   (no cloak)
rCorr    .         Harm     .   c - +0 pair of gloves
MR       +....                  (no boots)
Stlth    +++.......             (no amulet)
HPRegen  0.31/turn              e - ring of protection from magic
MPRegen  0.11/turn              (no ring)

@: regenerating quickly
A: no food, fangs 3, see invisible, unbreathing
a: Exsanguinate, Renounce Religion


You were on level 3 of the Dungeon.
You worshipped Dithmenos.
Dithmenos was noncommittal.
You were alive.

You visited 1 branch of the dungeon, and saw 3 of its levels.

You collected 146 gold pieces.

Inventory:

Hand Weapons
 a - a +1 dagger (weapon)
Missiles
 d - 119 stones
 l - 4 boomerangs (quivered)
Armour
 b - a +0 robe (worn)
 c - a +0 pair of gloves (worn)
Jewellery
 e - a ring of protection from magic (left hand)
Scrolls
 j - a scroll of teleportation
Potions
 g - a potion of cancellation
 h - a potion of brilliance


   Skills:
 * Level 3.7 Short Blades
 - Level 2.1 Dodging
 + Level 5.9 Stealth
 - Level 2.0 Spellcasting
 * Level 6.6 Hexes


You had 2 spell levels left.
You knew the following spells:

 Your Spells              Type           Power        Failure   Level  Hunger
a - Corona                Hex            ####...      1%          1    N/A
b - Ensorcelled Hibernat  Hex/Ice        ##....       6%          2    N/A
c - Confuse               Hex            ####....     3%          3    N/A

Your spell library contained the following spells:

 Spells                   Type           Power        Failure   Level  Hunger
 Tukima's Dance           Hex            ####....     3%          3    N/A
 Dazzling Spray           Conj/Hex       ##....       13%         3    N/A

Dungeon Overview and Level Annotations

Branches:
Dungeon (3/15)

Altars:
Cheibriados
Dithmenos
Qazlal
Trog
Yredelemnul

Annotations:
D:3 1 transporter


Innate Abilities, Weirdness & Mutations

You do not eat.
Your natural rate of healing is unusually fast.
You have razor-sharp teeth.
You have supernaturally acute eyesight. (SInv)
You can survive without breathing.


Message History

You closely miss the orc priest.
The orc priest is severely wounded.
The orc priest looks satisfied for a moment.
You completely miss the orc priest.
The orc priest is severely wounded.
A jackal comes into view.
The jackal barks!
You hit the orc priest.
The orc priest is almost dead.
The orc priest hits you.
* * * LOW HITPOINT WARNING * * *
You hit the orc priest.
The orc priest is almost dead.
The orc priest hits you but does no damage.
You barely miss the orc priest.
The orc priest is almost dead.
The jackal misses you.
The orc priest calls down the wrath of Beogh upon you.
Beogh smites you!
You die...

#.# #.# ## #.# #..
.. #.# #.# .# #.#
#.# .# #.#
#.####.####.. #.#
#...)o...... #.#
#####)####.##.##
#.#
#.........?...###
#.#
#.###.###@h......
#.# #.# #.#
#.o###### #.# #.#
#.# #..# #.# #.#
#.. ...# #.# ##.#
### #..# ##>###..#
#..# ##...##.######
#..#
#.....)............
##...##.#######


You could see an orc priest and a jackal.

Vanquished Creatures
  A crimson imp (D:3)
  An orc priest (D:3)
  Jessica (D:3)
  3 adders
  4 worms (D:2)
  2 dart slugs
  2 leopard geckos
  2 orcs (D:3)
  10 bats
  2 giant cockroaches
  5 goblins
  7 hobgoblins
  A jackal (D:2)
  5 kobolds
  5 quokkas
  A ball python (D:2)
  2 frilled lizards (D:1)
  A quokka zombie (D:2)
  7 rats
62 creatures vanquished.

Notes
Turn   | Place    | Note
-------+----------+-------------------------------------------
     0 | D:1      | MrRokkomies the Vampire Enchanter began the quest for the
                  | Orb.
     0 | D:1      | Reached XP level 1. HP: 13/13 MP: 3/3
   295 | D:1      | Reached XP level 2. HP: 19/19 MP: 5/5
   299 | D:1      | Learned a level 2 spell: Ensorcelled Hibernation
   464 | D:1      | Reached skill level 5 in Hexes
   728 | D:1      | Reached XP level 3. HP: 12/24 MP: 3/6
   762 | D:2      | Reached skill level 5 in Stealth
   995 | D:2      | Found a snail-covered altar of Cheibriados.
   999 | D:2      | Found a shadowy altar of Dithmenos.
  1010 | D:2      | Became a worshipper of Dithmenos the Shadowed
  1236 | D:2      | Reached XP level 4. HP: 30/30 MP: 7/7
  1240 | D:2      | Found a bloodstained altar of Trog.
  1297 | D:2      | Found a basalt altar of Yredelemnul.
  1423 | D:3      | Reached skill level 6 in Hexes
  1454 | D:3      | Learned a level 3 spell: Confuse
  1488 | D:3      | Found a stormy altar of Qazlal.
  1660 | D:3      | Noticed Jessica
  1667 | D:3      | Killed Jessica
  1667 | D:3      | Reached XP level 5. HP: 32/35 MP: 5/8
  1760 | D:3      | Found a transporter.
  1994 | D:3      | Killed from afar by an orc priest

Levels and vault maps discovered:
D:1:      dpeg_chamrin_arrival_tetris, layout_loops_ring, st_stairs_11
D:2:      layout_rooms, marbit_many_paths, nicolae_overflow_crystal_walls,
          chequers_temple_overflow_statue_of_worship, first_ration,
          minmay_strange_pillars, feat_on_display
D:3:      layout_loops_ring, lemuel_coloured_pillars_altar,
          gammafunk_ghost_mausoleum, uniq_jessica

Skill      XL: |  1  2  3  4 |
---------------+-------------+-----
Hexes          | 5 6 |  6.6
Short Blades   | 2 3 |  3.7
Stealth        | 5 |  5.9
Dodging        | |  2.1
Spellcasting   | |  2.0

Action                   |  1- 3 |  4- 6 || total
-------------------------+-------+-------++-------
Melee: Dagger            |   172 |   111 ||   283
       Bite              |    14 |    11 ||    25
Throw: Stone             |     4 |       ||     4
 Cast: Ensorcelled Hiber |     9 |     7 ||    16
       Confuse           |       |     1 ||     1
  Use: Potion            |     1 |       ||     1
       Scroll            |       |     6 ||     6
 Stab: Sleeping          |    13 |     9 ||    22
Armor: Robe              |    36 |    25 ||    61
       Skin              |    30 |       ||    30
Dodge: Dodged            |   109 |    55 ||   164

Table legend:
 A = Non-vault XP
 B = Vault XP
 C = Vault XP percentage of total XP
 D = Non-vault monster count
 E = Vault monster count
 F = Vault count percentage of total count
                 A         B        C        D         E       F
            +---------+---------+-------+---------+---------+-------
      Total |     237 |      45 |  16.0 |      57 |       5 |   8.1
            +---------+---------+-------+---------+---------+-------
        D:1 |      38 |       6 |  13.6 |      14 |       3 |  17.6
        D:2 |      59 |       2 |   3.3 |      26 |       1 |   3.7
        D:3 |     140 |      37 |  20.9 |      17 |       1 |   5.6
            +---------+---------+-------+---------+---------+-------
